[Event "ICC tourney 2552 (3 2)"]
[Site "Internet Chess Club"]
[Date "2021.05.07"]
[Round "7"]
[White "GANDHI, MANASVI:K03-30110152"]
[Black "INDUKURI, SUHAS:K01-16887781"]
[Result "0-1"]
[ICCResult "White checkmated"]
[WhiteElo "1400"]
[BlackElo "1400"]
[Opening "Sicilian: Anderssen variation"]
[ECO "B41"]
[NIC "SI.41"]
[Time "20:29:39"]
[PlyCount "120"]
[TimeControl "180+2"]

1. e4 c5 2. Nf3 e6 3. d4 cxd4 4. Nxd4 Nf6 5. Nc3 Nc6 6. Nxc6 bxc6 7. Bd3
Bb4 8. a3 Bxc3+ 9. bxc3 Rb8 10. O-O O-O 11. Bf4 d6 12. e5 dxe5 13. Bxe5 Rb7
14. Bxf6 Qxf6 15. Qe2 Qxc3 16. Rad1 Qf6 17. Qe4 Qg6 18. Qxg6 fxg6 19. Be4
Rb2 20. Bxc6 Rxc2 21. Be4 Ra2 22. Bb1 Rxa3 23. h3 Rc3 24. Rfe1 Rc7 25. Rc1
Rxc1 26. Rxc1 Ba6 27. h4 Rc8 28. Rxc8+ Bxc8 29. Kf1 Kf7 30. Ke2 Bd7 31. f4
Bb5+ 32. Kf3 Ke7 33. Ke4 Bc6+ 34. Kd3 Bxg2 35. Ke2 Kd6 36. Kf2 Ba8 37. Ke3
e5 38. fxe5+ Kxe5 39. Kd3 Bc6 40. Kc3 Be4 41. Ba2 Kf4 42. Bg8 h6 43. Bc4
Kg4 44. Kd4 Ba8 45. Kc5 Kxh4 46. Kb5 g5 47. Ka6 g4 48. Kxa7 Be4 49. Kb6 g3
50. Kc5 g2 51. Kd6 g1=Q 52. Ke5 Qc5+ 53. Kxe4 Qxc4+ 54. Ke5 g5 55. Kf6 g4
56. Kg6 g3 57. Kxh6 g2 58. Kh7 g1=Q 59. Kh6 Qcg4 60. Kh7 Qh5# { White
checkmated } 0-1

[Event "ICC tourney 2552 (3 2)"]
[Site "Internet Chess Club"]
[Date "2021.05.07"]
[Round "7"]
[White "A MISQUITH, CHRIS:K06-17053126"]
[Black "THOMAS, HENRY:K03-16790331"]
[Result "0-1"]
[ICCResult "White resigns"]
[WhiteElo "1400"]
[BlackElo "1400"]
[Opening "Réti: King's Indian attack"]
[ECO "A05"]
[NIC "QP.11"]
[Time "20:29:46"]
[PlyCount "118"]
[TimeControl "180+2"]

1. Nf3 Nf6 2. g3 g6 3. Bg2 Bg7 4. O-O O-O 5. d3 d6 6. Nc3 e5 7. Be3 Be6 8.
Ng5 Bd7 9. h3 h6 10. Nf3 Re8 11. d4 e4 12. Nd2 d5 13. f3 exf3 14. Nxf3 Rxe3
15. Ne5 Nc6 16. Nxd5 Nxd5 17. Bxd5 Nxe5 18. dxe5 Rxe5 19. Bxf7+ Kh8 20.
Bxg6 Bxh3 21. Qxd8+ Rxd8 22. Rfd1 Rxd1+ 23. Rxd1 Kg8 24. Rd8+ Bf8 25. Bd3
Kg7 26. Kh2 Bg4 27. Kg1 Bxe2 28. Bxe2 Rxe2 29. Rd7+ Re7 30. Rxe7+ Bxe7 31.
b3 Kf6 32. Kg2 Kg5 33. Kf3 Kf5 34. g4+ Ke5 35. Ke3 Kd5 36. c4+ Ke5 37. Kd3
Kf4 38. Kd4 Kxg4 39. a4 h5 40. Ke3 Kg3 41. Ke2 Kg2 42. b4 h4 43. b5 h3 44.
c5 h2 45. c6 b6 46. Kd3 h1=Q 47. Kd4 Qd1+ 48. Ke5 Qe2+ 49. Kd5 Qd3+ 50. Ke5
Qc3+ 51. Ke6 Bc5 52. Kd7 Qb4 53. Kxc7 Qxa4 54. Kb7 Qxb5 55. c7 Qd7 56. Kb8
Qxc7+ 57. Kxc7 b5 58. Kc6 b4 59. Kxc5 b3 { White resigns } 0-1

[Event "ICC tourney 2552 (3 2)"]
[Site "Internet Chess Club"]
[Date "2021.05.07"]
[Round "7"]
[White "PRAMOD, PRANAVI:K03-16800145"]
[Black "WANKHEDE, ADVAIT:K06-30026534"]
[Result "1-0"]
[ICCResult "Black resigns"]
[WhiteElo "1400"]
[BlackElo "1400"]
[Opening "Queen's pawn, Mason variation"]
[ECO "D00"]
[NIC "QP.08"]
[Time "20:30:10"]
[PlyCount "113"]
[TimeControl "180+2"]

1. d4 d5 2. Bf4 Nc6 3. e3 Bf5 4. Bd3 e6 5. Nf3 Bxd3 6. cxd3 Bb4+ 7. Nc3 Nf6
8. a3 Ba5 9. b4 Bb6 10. O-O O-O 11. Qe2 Ng4 12. h3 Nf6 13. Rad1 Qd7 14. Rd2
Rfd8 15. Rfd1 Re8 16. Ne5 Nxe5 17. dxe5 Qc6 18. exf6 Qxc3 19. Qg4 Qxf6 20.
d4 c6 21. h4 Rec8 22. Bg5 Qf5 23. Qxf5 exf5 24. Rc2 f6 25. Bf4 Re8 26. a4
Rac8 27. Rdc1 Bc7 28. Bxc7 Rxc7 29. b5 Rec8 30. bxc6 bxc6 31. Kh2 Kf7 32.
Kg3 Kg6 33. Kf4 h5 34. g3 a5 35. Rc5 Re8 36. Rxc6 Re4+ 37. Kf3 Rxc6 38.
Rxc6 Kh6 39. Ra6 Kh7 40. Rxa5 g5 41. hxg5 fxg5 42. Rxd5 g4+ 43. Kg2 Re7 44.
Rxf5 Rg7 45. Rxh5+ Kg6 46. Re5 Rf7 47. a5 Ra7 48. Rc5 Kf7 49. d5 Ke7 50. e4
Kd6 51. Rc6+ Kd7 52. a6 Ra8 53. e5 Rd8 54. Rd6+ Kc7 55. Rxd8 Kxd8 56. a7
Kc7 57. a8=Q { Black resigns } 1-0

[Event "ICC tourney 2552 (3 2)"]
[Site "Internet Chess Club"]
[Date "2021.05.07"]
[Round "7"]
[White "KOLPURU, MIHIR:K01-30025021"]
[Black "JANI, SONAM:K05-16948743"]
[Result "0-1"]
[ICCResult "White checkmated"]
[WhiteElo "1400"]
[BlackElo "1400"]
[Opening "Four knights: Italian variation"]
[ECO "C47"]
[NIC "KP.06"]
[Time "20:29:43"]
[PlyCount "86"]
[TimeControl "180+2"]

1. e4 e5 2. Nf3 Nc6 3. Nc3 Nf6 4. Bc4 d6 5. d3 h6 6. O-O Bg4 7. h3 Bh5 8.
Bb5 a6 9. Bxc6+ bxc6 10. d4 exd4 11. Ne2 d5 12. Nexd4 dxe4 13. Qe2 Be7 14.
Nxc6 Qd7 15. Nce5 Qd6 16. Nc4 Qd7 17. Nce5 Qd5 18. Rd1 Qc5 19. Be3 Qb5 20.
Qxb5+ axb5 21. Rd2 exf3 22. g3 Ne4 23. Rd4 Nf6 24. h4 Ng4 25. Rad1 Nf6 26.
Nc6 Bc5 27. R4d3 Bxe3 28. Rxe3+ Kf8 29. Nd4 Nd5 30. Red3 Nf6 31. Nc6 g6 32.
Nb4 Kg7 33. Rc3 Rhf8 34. Rd4 Kg8 35. Rc5 c6 36. Rxc6 Ra4 37. Rc5 Re8 38.
Rxb5 Re1+ 39. Kh2 Ra8 40. Rd3 Ng4+ 41. Kh3 Nxf2+ 42. Kh2 Nxd3 43. Kh3 Rh1#
{ White checkmated } 0-1

[Event "ICC tourney 2552 (3 2)"]
[Site "Internet Chess Club"]
[Date "2021.05.07"]
[Round "7"]
[White "RAMANUJA, KESHAV:K05-30040275"]
[Black "AGARWAL, SAATVIK:K01-30138317"]
[Result "0-1"]
[ICCResult "White checkmated"]
[WhiteElo "1400"]
[BlackElo "1400"]
[Opening "King's pawn game"]
[ECO "C50"]
[NIC "IG.03"]
[Time "20:30:26"]
[PlyCount "92"]
[TimeControl "180+2"]

1. e4 e5 2. Nf3 Nc6 3. Bc4 Nh6 4. d3 Bc5 5. Ng5 O-O 6. O-O Na5 7. Bd5 c6 8.
Bb3 Nxb3 9. axb3 f6 10. Nf3 d5 11. Bxh6 gxh6 12. Nfd2 Kh8 13. c4 dxc4 14.
dxc4 Rg8 15. Re1 Qf8 16. Qf3 Bg4 17. Qd3 Qg7 18. g3 Qg6 19. Qd7 Bxd7 20.
Nf3 Rg7 21. Nc3 Rag8 22. Rad1 a6 23. Rd2 b5 24. cxb5 cxb5 25. Rdd1 b4 26.
Na4 Bxa4 27. bxa4 Qe8 28. Re2 Qxa4 29. Rdd2 b3 30. Kg2 Bb4 31. Rd1 Rc8 32.
Rb1 Rgc7 33. Kh3 Rc2 34. Rbe1 Rxe2 35. Rxe2 Bc3 36. bxc3 Rxc3 37. Kg2 Rc4
38. Re3 Rb4 39. Re2 b2 40. Rxb2 Rxb2 41. Kh3 Qxe4 42. Kg2 a5 43. Kg1 a4 44.
Kg2 a3 45. Kg1 Qxf3 46. Kf1 Rb1# { White checkmated } 0-1

[Event "ICC tourney 2552 (3 2)"]
[Site "Internet Chess Club"]
[Date "2021.05.07"]
[Round "7"]
[White "ARRIAGA REYES, SEBASTIAN:K03-17099061"]
[Black "MCPHETERS, DYLAN:K06-30151662"]
[Result "0-1"]
[ICCResult "White resigns"]
[WhiteElo "1400"]
[BlackElo "1400"]
[Opening "Ruy Lopez: old Steinitz defense"]
[ECO "C62"]
[NIC "RL.02"]
[Time "20:31:48"]
[PlyCount "100"]
[TimeControl "180+2"]

1. e4 e5 2. Nf3 Nc6 3. Bb5 d6 4. Nc3 Be6 5. d3 Qd7 6. Be3 a6 7. Ba4 b5 8.
Bb3 Bxb3 9. axb3 Nf6 10. b4 d5 11. Qd2 dxe4 12. dxe4 Qxd2+ 13. Nxd2 Nd4 14.
O-O-O O-O-O 15. Bxd4 exd4 16. Na2 g6 17. Rhe1 Bg7 18. f4 Ng4 19. Rh1 Nf2
20. Rhf1 Nxd1 21. Rxd1 Bh6 22. g3 g5 23. fxg5 Bxg5 24. e5 Bxd2+ 25. Rxd2
Rhe8 26. c3 dxc3 27. Nxc3 Rxe5 28. Rxd8+ Kxd8 29. Na2 Re2 30. Kb1 Rxh2 31.
Nc1 h5 32. Nd3 h4 33. gxh4 Rxh4 34. Ne5 Ke7 35. Kc2 Rxb4 36. Nc6+ Ke6 37.
Nxb4 f5 38. Kd2 Ke5 39. Ke2 Kf4 40. Kf2 Ke4 41. Nd3 Kxd3 42. Kf3 Kc2 43.
Kf4 Kxb2 44. Kxf5 c5 45. Ke5 c4 46. Kd4 c3 47. Kd3 c2 48. Kd4 c1=Q 49. Kd5
Qc3 50. Kd6 Qc4 { White resigns } 0-1

[Event "ICC tourney 2552 (3 2)"]
[Site "Internet Chess Club"]
[Date "2021.05.07"]
[Round "7"]
[White "RAO, ARJUN:K01-30140896"]
[Black "JAIN, DARSH:K05-30103038"]
[Result "0-1"]
[ICCResult "White checkmated"]
[WhiteElo "1400"]
[BlackElo "1400"]
[Opening "Two knights defense"]
[ECO "C58"]
[NIC "KP.01"]
[Time "20:29:19"]
[PlyCount "198"]
[TimeControl "180+2"]

1. e4 e5 2. Nf3 Nc6 3. Bc4 Nf6 4. Ng5 d5 5. exd5 Na5 6. Bb5+ c6 7. dxc6
Nxc6 8. Qf3 Bc5 9. Nxf7 Kxf7 10. Qb3+ Ke8 11. O-O Qe7 12. Re1 Be6 13. Qa4
Qd7 14. Rxe5 Kf7 15. Rxc5 Rac8 16. d3 a6 17. Bxc6 Rxc6 18. Rxc6 Qxc6 19.
Qxc6 bxc6 20. a4 Rb8 21. b3 Nd5 22. Ba3 Re8 23. Nd2 Bf5 24. Nc4 Nc3 25.
Nd6+ Ke7 26. Nxe8+ Kxe8 27. Re1+ Kd7 28. Re7+ Kd8 29. Rxg7 Nb1 30. Bb2 Nd2
31. Bf6+ Kc8 32. g4 Bg6 33. h4 Be8 34. Rxh7 Bd7 35. Rh8+ Kc7 36. Be5+ Kb6
37. Rb8+ Kc5 38. b4+ Kd5 39. Bf4 Nf3+ 40. Kh1 Bxg4 41. Rd8+ Ke6 42. Rd6+
Kf5 43. Bg3 Ne1 44. Rxc6 Bf3+ 45. Kg1 Bxc6 46. d4 Nxc2 47. Be5 Kg4 48. Bf6
Nxb4 49. f3+ Kxf3 50. h5 Be4 51. h6 Kg4 52. Bg7 Kh5 53. Kf2 Kg6 54. Ke3 Bf5
55. Kf4 Nd5+ 56. Ke5 Ne3 57. Kd6 Bb1 58. Kc6 Bd3 59. Kb6 Nd5+ 60. Ka5 Ne7
61. Kb6 Nf5 62. a5 Nxg7 63. hxg7 Kxg7 64. d5 Kf7 65. d6 Ke8 66. Kc7 Bb5 67.
Kb6 Kd7 68. Kc5 Bc6 69. Kb6 Bb5 70. Kc5 Bf1 71. Kd5 Bg2+ 72. Ke5 Bf1 73.
Kd5 Bg2+ 74. Kc5 Bf1 75. Kd5 Bb5 76. Kc5 Ke6 77. Kb6 Kxd6 78. Ka7 Kc5 79.
Kb7 Kb4 80. Kb6 Bf1 81. Kc6 Kxa5 82. Kc5 Ka4 83. Kb6 Kb4 84. Kc6 a5 85. Kd5
a4 86. Kd4 a3 87. Ke3 a2 88. Kf2 a1=Q 89. Kg3 Bg2 90. Kxg2 Qf6 91. Kg3 Qf5
92. Kg2 Qf4 93. Kh3 Qg5 94. Kh2 Qg4 95. Kh1 Kc3 96. Kh2 Kd3 97. Kh1 Ke3 98.
Kh2 Kf2 99. Kh1 Qg2# { White checkmated } 0-1

[Event "ICC tourney 2552 (3 2)"]
[Site "Internet Chess Club"]
[Date "2021.05.07"]
[Round "7"]
[White "KAUR, JIND:K05-15724996"]
[Black "WU, TERRAIN:K01-30135638"]
[Result "1-0"]
[ICCResult "Black forfeits on time"]
[WhiteElo "1400"]
[BlackElo "1400"]
[Opening "Sicilian: dragon variation"]
[ECO "B70"]
[NIC "SI.15"]
[Time "20:30:10"]
[PlyCount "95"]
[TimeControl "180+2"]

1. e4 c5 2. Nf3 d6 3. d4 cxd4 4. Nxd4 Nf6 5. Nc3 g6 6. Bc4 Bg7 7. O-O O-O
8. Re1 Re8 9. e5 dxe5 10. Rxe5 Ng4 11. Re1 Qxd4 12. Qxd4 Bxd4 13. Re4 Bxc3
14. bxc3 Nf6 15. Rd4 Nc6 16. Rd1 Bg4 17. Re1 Bf5 18. Re2 Rac8 19. Be3 a6
20. Bc5 e6 21. Be3 Ne5 22. Bd3 Bxd3 23. cxd3 Rxc3 24. Bd4 Rxd3 25. Bxe5 Nh5
26. h3 Red8 27. Rb2 b5 28. Rc2 Rd1+ 29. Rxd1 Rxd1+ 30. Kh2 f6 31. Bc7 e5
32. Bb6 Kf7 33. Rc7+ Ke6 34. Rxh7 Rd2 35. a3 Ra2 36. Bc5 Kd5 37. Rc7 Rc2
38. Rd7+ Ke4 39. Rc7 a5 40. f3+ Kd5 41. Rd7+ Kc4 42. Bb6 a4 43. Rc7+ Kb3
44. Rf7 Rc6 45. Bd8 Kxa3 46. Be7+ Kb3 47. g4 Nf4 48. Bxf6 { Black forfeits
on time } 1-0

[Event "ICC tourney 2552 (3 2)"]
[Site "Internet Chess Club"]
[Date "2021.05.07"]
[Round "7"]
[White "LOVELADY, CARTER:K06-16846308"]
[Black "ADDURI, MANSI:K03-17004388"]
[Result "0-1"]
[ICCResult "White checkmated"]
[WhiteElo "1243"]
[BlackElo "1400"]
[Opening "Scandinavian (center counter) defense"]
[ECO "B01"]
[NIC "SD.02"]
[Time "20:29:46"]
[PlyCount "132"]
[TimeControl "180+2"]

1. e4 d5 2. exd5 Qxd5 3. Nc3 Qd8 4. Nf3 Nf6 5. Bc4 Nc6 6. d3 Bg4 7. h3 Bh5
8. O-O Nd4 9. Be3 Nxf3+ 10. gxf3 e6 11. Ne4 Be7 12. Nxf6+ Bxf6 13. c3 O-O
14. Kh2 Qd6+ 15. Kh1 Qc6 16. Kg1 Bxf3 17. Qd2 Bg2 18. Bb3 Bxf1 19. Rxf1
Rfd8 20. Bc2 Qd5 21. d4 Qh5 22. Kh2 Be5+ 23. Bf4 Bxf4+ 24. Qxf4 Qe2 25. Rc1
Qa6 26. a3 Qd6 27. Qxd6 Rxd6 28. Be4 Rb8 29. Rd1 Rb6 30. Rd2 Rd8 31. a4 e5
32. a5 Rbd6 33. Bxb7 exd4 34. cxd4 Rxd4 35. Rxd4 Rxd4 36. Kg3 Rd2 37. b3
Rb2 38. Bd5 h6 39. Bc4 c5 40. a6 Kh7 41. f4 Kg6 42. Kg4 f5+ 43. Kh4 h5 44.
Bd5 Ra2 45. Bc4 Kh6 46. Kg3 g5 47. fxg5+ Kxg5 48. h4+ Kf6 49. Kf4 Rh2 50.
Kg3 Ra2 51. Kf4 Rc2 52. Kg3 Ke5 53. Bf7 Rc3+ 54. Kf2 Kf4 55. Bxh5 Rxb3 56.
Bf7 Rb2+ 57. Ke1 Kg4 58. h5 Rh2 59. Kf1 f4 60. Kg1 Kg3 61. Bg6 f3 62. Be4
f2+ 63. Kf1 Rxh5 64. Bg6 Rg5 65. Be4 Re5 66. Bb7 Re1# { White checkmated }
0-1

[Event "ICC tourney 2552 (3 2)"]
[Site "Internet Chess Club"]
[Date "2021.05.07"]
[Round "7"]
[White "ZHOU, MASON:K06-16827638"]
[Black "SELVAM, SWAGATHA:K05-16203181"]
[Result "1/2-1/2"]
[ICCResult "Black stalemated"]
[WhiteElo "1400"]
[BlackElo "1400"]
[Opening "Sicilian: dragon variation"]
[ECO "B70"]
[NIC "SI.15"]
[Time "20:29:39"]
[PlyCount "159"]
[TimeControl "180+2"]

1. e4 c5 2. Nf3 d6 3. d4 cxd4 4. Nxd4 Nf6 5. Nc3 g6 6. Bc4 Bg7 7. O-O O-O
8. Be3 Nc6 9. Kh1 Bd7 10. f4 a6 11. Qf3 b5 12. Bb3 Bg4 13. Qg3 Nxd4 14.
Bxd4 Bd7 15. Rad1 a5 16. a3 b4 17. axb4 axb4 18. Nd5 Nxe4 19. Qe3 Bxd4 20.
Qxd4 Nc5 21. Qxb4 Rb8 22. Qc4 Bc6 23. Qe2 Nxb3 24. cxb3 Bb5 25. Qe3 Bxf1
26. Nxe7+ Kg7 27. Rxf1 Re8 28. Qd4+ f6 29. Nc6 Qd7 30. Nxb8 Rxb8 31. h3
Rxb3 32. Qc4 Rxb2 33. Rd1 Rb6 34. Qd4 Rc6 35. Qa4 Rc7 36. Qxd7+ Rxd7 37.
Kg1 Kf7 38. Kf2 Ke6 39. Ke3 Kf5 40. g4+ Ke6 41. Ke4 d5+ 42. Ke3 d4+ 43.
Rxd4 Rxd4 44. Kxd4 h5 45. gxh5 gxh5 46. Ke4 f5+ 47. Ke3 Kf6 48. Kf3 Kg6 49.
Kg3 Kh6 50. Kh4 Kg6 51. Kg3 Kh6 52. Kf3 h4 53. Ke3 Kg6 54. Kd4 Kf6 55. Kd5
Kf7 56. Ke5 Kg6 57. Ke6 Kh5 58. Kxf5 Kh6 59. Ke6 Kg6 60. f5+ Kg7 61. f6+
Kf8 62. Kf5 Kf7 63. Kg5 Kf8 64. Kg6 Kg8 65. Kg5 Kf7 66. Kf5 Kf8 67. Kg6 Kg8
68. Kg5 Kf7 69. Kxh4 Kxf6 70. Kg4 Kg6 71. h4 Kh6 72. h5 Kh7 73. Kf5 Kh6 74.
Kg4 Kh7 75. Kg5 Kg7 76. h6+ Kh7 77. Kh5 Kh8 78. Kg6 Kg8 79. h7+ Kh8 80. Kh6
{ Black stalemated } 1/2-1/2

[Event "ICC tourney 2552 (3 2)"]
[Site "Internet Chess Club"]
[Date "2021.05.07"]
[Round "7"]
[White "OSCAR LI, JINGTU:K05-16113408"]
[Black "ZHANG, RYAN:K06-16485982"]
[Result "1-0"]
[ICCResult "Black checkmated"]
[WhiteElo "1400"]
[BlackElo "1400"]
[Opening "Queen's gambit accepted"]
[ECO "D20"]
[NIC "QG.03"]
[Time "20:29:38"]
[PlyCount "133"]
[TimeControl "180+2"]

1. d4 d5 2. c4 dxc4 3. e3 Nf6 4. Bxc4 Bf5 5. Nf3 e6 6. O-O Nc6 7. Nc3 Bd6
8. h3 O-O 9. Re1 Ne7 10. e4 Bg6 11. e5 Bb4 12. exf6 gxf6 13. Bh6 Re8 14. a3
Bxc3 15. bxc3 a6 16. Nh4 b5 17. Bd3 Qd6 18. Qf3 Nd5 19. Bxg6 hxg6 20. Bd2
c5 21. Qd3 c4 22. Qc2 Kg7 23. Nf3 Rh8 24. Re4 f5 25. Rh4 Rxh4 26. Nxh4 Rh8
27. Nf3 f6 28. Re1 Kf7 29. Qb2 Rh7 30. Ra1 g5 31. Bxg5 fxg5 32. Nxg5+ Kg6
33. Nxh7 Kxh7 34. Qc2 Kg7 35. a4 Kf6 36. axb5 axb5 37. Rb1 Qc6 38. Qb2 Nc7
39. Qb4 Qb6 40. Qc5 Qxc5 41. dxc5 Ke5 42. Rd1 Ke4 43. Kf1 Nd5 44. f3+ Ke5
45. Rc1 Kf6 46. Ke2 Ke7 47. g4 fxg4 48. hxg4 Nf4+ 49. Ke3 Nd5+ 50. Kd4 Kd7
51. Rb1 Kc6 52. Ke5 Nxc3 53. Rc1 b4 54. Kxe6 Nd5 55. Rxc4 b3 56. Rc1 Nf4+
57. Kf5 Nd3 58. Rb1 Nxc5 59. g5 Kb5 60. g6 Nd7 61. g7 Nc5 62. g8=Q Ka4 63.
Qc4+ Ka3 64. Qxc5+ Ka2 65. Rd1 Kb2 66. Qc1+ Ka2 67. Qa1# { Black checkmated
} 1-0

[Event "ICC tourney 2552 (3 2)"]
[Site "Internet Chess Club"]
[Date "2021.05.07"]
[Round "7"]
[White "LIU, HEMING:K03-17283651"]
[Black "SINGH CHANDI, ISHNOOR:K06-16106643"]
[Result "0-1"]
[ICCResult "White checkmated"]
[WhiteElo "1400"]
[BlackElo "1400"]
[Opening "French: Steinitz variation"]
[ECO "C11"]
[NIC "FR.04"]
[Time "20:29:30"]
[PlyCount "102"]
[TimeControl "180+2"]

1. e4 e6 2. d4 d5 3. Nc3 Nf6 4. e5 Nfd7 5. f4 c5 6. Nf3 cxd4 7. Nxd4 Nc6 8.
Ncb5 Nxd4 9. Nxd4 Bc5 10. Be3 Qb6 11. Bd3 Bxd4 12. Bxd4 Qxd4 13. h3 Qxf4
14. Qe2 Qxe5 15. Qxe5 Nxe5 16. O-O-O f6 17. Rhe1 Bd7 18. g4 Nxd3+ 19. Rxd3
Kf7 20. Rb3 Bc6 21. Rf1 Rhf8 22. g5 e5 23. gxf6 gxf6 24. h4 Rg8 25. a3 Rg4
26. Rh3 Rag8 27. Rhh1 h5 28. Kd2 Rd4+ 29. Ke3 Rg3+ 30. Kf2 Rgg4 31. c3
Rdf4+ 32. Ke1 Re4+ 33. Kd1 Rxh4 34. Rhg1 Reg4 35. Kc2 Rh2+ 36. Kb3 Ba4+ 37.
Ka2 Rhg2 38. Rxg2 Rxg2 39. Kb1 Bb3 40. Ka1 Ke6 41. Re1 e4 42. Rc1 Ke5 43.
Re1 Kf4 44. Kb1 e3 45. Kc1 Rc2+ 46. Kb1 Kf3 47. Ka1 Kf2 48. Rb1 e2 49. a4
e1=Q 50. a5 Rc1 51. Rxc1 Qxc1# { White checkmated } 0-1

[Event "ICC tourney 2552 (3 2)"]
[Site "Internet Chess Club"]
[Date "2021.05.07"]
[Round "7"]
[White "AGNIHOTRI, AADI:K05-16443397"]
[Black "EUGENE DUNIKOV, DAVID:K03-16736200"]
[Result "0-1"]
[ICCResult "White resigns"]
[WhiteElo "1400"]
[BlackElo "1400"]
[Opening "QP counter-gambit (elephant gambit)"]
[ECO "C40"]
[NIC "KP.10"]
[Time "20:34:49"]
[PlyCount "58"]
[TimeControl "180+2"]

1. e4 e5 2. Nf3 d5 3. exd5 e4 4. Qe2 Nf6 5. Ng5 Qxd5 6. d3 Bf5 7. Nc3 Bb4
8. a3 Bxc3+ 9. bxc3 O-O 10. c4 Qd4 11. Rb1 exd3 12. cxd3 Re8 13. Be3 Qc3+
14. Qd2 Qxa3 15. Nf3 Ng4 16. Be2 Nxe3 17. fxe3 Qe7 18. O-O Qxe3+ 19. Qxe3
Rxe3 20. Nd4 c5 21. Nxf5 Rxe2 22. Nd6 Nc6 23. Rxf7 Rd8 24. Nxb7 Kxf7 25.
Rf1+ Ke6 26. Nxc5+ Ke5 27. d4+ Kxd4 28. Rd1+ Kxc5 29. Rxd8 Nxd8 { White
resigns } 0-1